Map: 16-Bit LE

Players

Ixtlilton

  • Race: Protoss Protoss
  • League: Diamond
  • Spawn Location: 1:00

Mylasergopew - Winner!

  • Race: Zerg Zerg
  • League: Diamond
  • Spawn Location: 7:00

VOD

Have the link to the VOD?

Description

Time

  • Played on: May 27, 2018, 1:44 p.m.
  • Length: 11:15
Show
View Real Time Build Order
Export as new Build Order

Ixtlilton Protoss 

Build Orders: 1 Gate Expand, Oracle Opening, Zealot Archon 

Get SALT Encoding   

  12  0:00  Probe  
  13  0:13  Probe  
  14  0:23  Pylon  
  14  0:26  Probe  
  15  0:39  Probe  
  16  0:44  Gateway  
  16  0:47  Probe  
  16  0:54  Assimilator  
  16  0:55  Probe  
  18  1:08  Probe  
  19  1:20  Probe  
  20  1:32  Probe  
  21  1:40  Nexus  
  21  1:44  Cybernetics Core  
  21  1:47  Probe  
  22  1:54  Pylon  
  22  2:04  Probe  
  23  2:14  Assimilator  
  23  2:16  Probe  
  24  2:24  Adept  
  24  2:26  Stargate  
  24  2:29  Probe  
  27  2:41  Probe  
  28  2:50  Adept, Probe  
  28  2:52  Probe, Warp Gate  
  32  2:58  Probe  
  32  3:00  Probe  
  34  3:07  Probe  
  34  3:10  Oracle, Probe  
  35  3:19  Probe  
  39  3:32  Probe  
  39  3:33  Probe  
  41  3:44  Shield Battery  
  41  3:45  Probe x2  
  41  3:46  Pylon  
  43  3:50  Assimilator  
  43  3:51  Assimilator  
  43  3:57  Probe x2  
  43  4:00  Pylon  
  45  4:09  Probe x2  
  47  4:21  Probe x2  
  49  4:28  Robotics Facility  
  49  4:29  Twilight Council  
  49  4:33  Gateway, Probe  
  49  4:34  Gateway  
  49  4:36  Probe  
  49  4:37  Gateway  
  49  4:38  Gateway  
  51  4:47  Probe  
  51  4:48  Probe  
  53  4:56  Nexus  
  53  4:57  Charge  
  53  4:59  Probe  
  54  5:01  Pylon  
  54  5:06  Warp Prism  
  52  5:08  Probe  
  53  5:21  Templar Archives  
  55  5:36  Adept  
  57  5:43  Pylon  
  57  5:44  Forge  
  57  5:54  Observer  
  58  5:57  High Templar x2  
  58  5:58  Zealot, High Templar x2  
  58  6:02  Protoss Ground Weapons Level 1  
  68  6:04  Probe  
  68  6:05  Gateway, Probe  
  68  6:09  Archon x2  
  70  6:12  Probe  
  70  6:13  Probe  
  70  6:17  Probe  
  73  6:22  Probe  
  73  6:25  Psionic Storm, Probe  
  74  6:29  Probe  
  74  6:30  Immortal  
  80  6:34  Pylon  
  80  6:36  Pylon  
  80  6:37  Probe  
  81  6:41  Pylon  
  69  6:54  Probe x3  
  69  6:59  High Templar  
  69  7:00  Zealot x3  
  80  7:01  Zealot  
  80  7:06  Probe x3  
  85  7:09  Immortal  
  85  7:11  Gateway  
  85  7:13  Gateway  
  85  7:18  Probe  
  85  7:21  Probe x2  
  92  7:23  Gateway  
  92  7:24  Assimilator  
  92  7:27  Assimilator  
  92  7:28  High Templar  
  92  7:29  High Templar  
  96  7:30  Gateway  
  96  7:38  Probe x2  
  96  7:43  Probe  
  99  7:44  Protoss Ground Weapons Level 2  
  99  7:45  Immortal  
  99  7:50  Probe  
  100  7:53  Probe  
  100  7:55  Probe  
  106  8:02  Probe  
  106  8:05  Probe  
  108  8:08  Gateway  
  108  8:10  Gateway  
  108  8:14  Zealot  
  108  8:15  Zealot x3  
  116  8:21  Pylon  
  116  8:23  Pylon  
  116  8:24  Pylon, Nexus  
  116  8:26  Pylon  
  116  8:27  Pylon  
  116  8:28  Pylon  
  116  8:39  Immortal  
  116  8:40  High Templar x2  
  124  8:41  High Templar x2  
  124  8:42  Zealot x2  
  124  8:43  Zealot x3  
  124  8:44  Zealot  
  140  8:53  Robotics Facility  
  140  8:58  Archon x2  
  140  9:05  Pylon  
  140  9:07  Pylon  
  140  9:09  Immortal, Pylon  
  140  9:11  Gateway  
  140  9:14  Probe x3  
  135  9:21  Pylon  
  135  9:23  Pylon  
  139  9:26  Probe  
  140  9:32  Probe  
  140  9:35  Probe x2  
  144  9:38  Probe  
  144  9:39  Photon Cannon  
  144  9:40  Probe  
  144  9:41  Immortal, Shield Battery  
  144  9:43  Warp Prism  
  145  9:47  Probe x2  
  145  9:49  Photon Cannon  
  153  9:53  High Templar x4  
  153  9:54  Zealot, High Templar x2  
  153  9:55  Zealot x4  
  175  10:01  Archon x2  
  175  10:02  Archon  
  175  10:19  Adept  
  175  10:20  Warp Prism  
  167  10:25  Probe x3  
  167  10:26  Probe  
  140  10:43  Zealot x3  
  140  10:44  Zealot x4  
  140  10:45  Zealot x4  
  140  10:46  Zealot  
Show
View Real Time Build Order
Export as new Build Order

Mylasergopew Zerg - Winner!

Build Orders: Hatch First 

Get SALT Encoding   

  12  0:01  Drone  
  13  0:16  Overlord  
  13  0:20  Drone  
  14  0:34  Drone x2  
  16  0:42  Drone  
  17  0:57  Hatchery  
  17  1:00  Drone  
  17  1:01  Drone  
  18  1:14  Extractor  
  17  1:23  Spawning Pool, Drone  
  17  1:24  Drone  
  18  1:32  Drone  
  19  1:57  Drone  
  19  2:01  Hatchery  
  19  2:05  Overlord  
  19  2:19  Drone x3  
  19  2:20  Queen  
  24  2:27  Metabolic Boost  
  24  2:34  Zergling x4  
  26  2:37  Drone  
  26  2:42  Drone  
  28  2:50  Drone x2  
  30  2:53  Drone  
  31  2:59  Queen  
  33  3:11  Pneumatized Carapace  
  32  3:30  Queen  
  32  3:31  Drone x3  
  32  3:32  Drone x4  
  32  3:33  Overlord  
  40  3:45  Zergling x4  
  40  3:47  Overlord  
  42  3:51  Spore Crawler  
  42  3:53  Spore Crawler  
  40  4:11  Spore Crawler  
  39  4:26  Drone x3  
  39  4:27  Overlord, Drone x2  
  39  4:28  Drone x2  
  46  4:32  Drone x3  
  46  4:34  Queen  
  46  4:35  Queen x2  
  46  4:36  Overlord  
  55  4:48  Extractor  
  55  4:49  Extractor  
  53  4:59  Baneling Nest  
  51  5:01  Zergling x2  
  51  5:02  Zergling x4  
  53  5:10  Extractor  
  53  5:13  Evolution Chamber  
  51  5:18  Queen x2  
  51  5:19  Drone x3  
  51  5:20  Overlord x2  
  60  5:22  Drone x3  
  60  5:25  Lair  
  60  5:27  Drone x3  
  60  5:28  Drone  
  65  5:29  Drone  
  65  5:33  Drone  
  67  5:44  Zerg Melee Weapons Level 1  
  67  5:47  Drone x3  
  67  5:48  Zergling x8  
  74  6:01  Evolution Chamber  
  73  6:14  Zergling x2  
  73  6:15  Zergling x14  
  81  6:22  Drone x7  
  81  6:23  Drone  
  81  6:24  Overlord  
  89  6:28  Centrifical Hooks, Baneling x4  
  80  6:55  Zergling x24  
  92  7:10  Drone x4  
  92  7:11  Drone  
  92  7:13  Baneling  
  92  7:15  Extractor  
  96  7:16  Overlord x2, Extractor  
  96  7:20  Baneling x2  
  96  7:21  Baneling  
  95  7:25  Hatchery  
  95  7:27  Overseer  
  94  7:30  Overseer  
  94  7:35  Hydralisk Den  
  94  7:36  Zerg Ground Armor Level 1  
  93  7:39  Drone x3  
  93  7:40  Overlord x2, Drone x3  
  93  7:42  Drone x2  
  93  7:43  Drone x2  
  103  7:47  Baneling x2  
  103  8:03  Zerg Melee Weapons Level 2  
  103  8:05  Overseer x2  
  103  8:08  Overseer  
  103  8:17  Hydralisk x9, Zergling x6  
  124  8:22  Grooved Spines  
  124  8:33  Baneling x4  
  124  8:34  Baneling x4  
  124  8:42  Infestation Pit, Spire  
  122  8:50  Drone x5  
  122  8:53  Hatchery  
  124  9:18  Zergling x6  
  124  9:19  Hydralisk, Zergling x10  
  124  9:21  Overlord x2  
  124  9:22  Overlord x3  
  134  9:38  Muscular Augments  
  134  9:51  Spore Crawler  
  133  10:01  Hive  
  133  10:03  Extractor  
  132  10:08  Extractor  
  131  10:14  Hydralisk  
  131  10:15  Hydralisk x18  
  165  10:41  Hydralisk x5  
  165  10:42  Hydralisk x3  
  175  10:43  Zergling x14  
Tags
 
Add a new tag
Caveats
  • Supply blocks, unpowered buildings, or Contaminate may cause inaccurate times.
  • Supply counts are checked every 10 seconds.